[Event "Seniors-LEM-65 Sachsen-Anhalt 2024"]
[Site "Magdeburg"]
[Date "2024.07.02"]
[Round "2.1"]
[White "Gehrmann, Rudolf-Rainer"]
[Black "Koehler, Gerhard"]
[Result "1/2-1/2"]
[ECO "E11"]
[WhiteElo "1980"]
[BlackElo "2204"]
[Annotator "RC"]
[PlyCount "71"]
[EventDate "2024.06.25"]
[EventType "swiss"]
[EventCountry "GER"]
[SourceTitle "playchess.com"]
[Source "ChessBase"]
[SourceQuality "1"]
[TimeControl "40/5400+30:1800+30"]

1. c4 e6 2. d4 Bb4+ 3. Bd2 Qe7 4. Nc3 Nf6 5. g3 O-O 6. Bg2 Nc6 7. Nf3 Bxc3 8. Bxc3 Ne4 9. Qc2 f5 10. O-O d6 11. Nd2 Nxc3 12. Qxc3 Qf6 13. e3 Bd7 14. Rac1 e5 15. d5 Ne7 16. f4 Ng6 17. Nf3 c5 18. dxc6 Bxc6 19. Rfd1 Rad8 20. Rd2 Bxf3 21. Bxf3 e4 22. Qxf6 Rxf6 23. Be2 Ne7 24. Rcd1 Kf8 25. c5 Nc8 26. g4 fxg4 27. Bxg4 Rg6 28. Rg2 Ke7 29. Bf5 Rxg2+ 30. Kxg2 dxc5 31. Rxd8 Kxd8 32. Bxe4 Nd6 33. Bd5 Ke7 34. e4 b6 35. Kf3 Nb5 36. Ke3 1/2-1/2

[Event "Seniors-LEM-65 Sachsen-Anhalt 2024"]
[Site "Magdeburg"]
[Date "2024.07.02"]
[Round "2.2"]
[White "Schnelzer, Reinhold"]
[Black "Barten, Ralf"]
[Result "1-0"]
[ECO "D19"]
[WhiteElo "2162"]
[BlackElo "1970"]
[Annotator "RC"]
[PlyCount "99"]
[EventDate "2024.06.25"]
[EventType "swiss"]
[EventCountry "GER"]
[SourceTitle "playchess.com"]
[Source "ChessBase"]
[SourceQuality "1"]
[TimeControl "40/5400+30:1800+30"]

1. d4 d5 2. c4 c6 3. Nf3 Nf6 4. Nc3 dxc4 5. a4 Bf5 6. e3 e6 7. Bxc4 Bb4 8. O-O O-O 9. Nh4 Bg6 10. Nxg6 hxg6 11. Qe2 Nbd7 12. Rd1 Qe7 13. Bd2 Rad8 14. Be1 c5 15. a5 cxd4 16. exd4 Nb8 17. d5 exd5 18. Qxe7 Bxe7 19. Nxd5 Nxd5 20. Rxd5 Nc6 21. a6 bxa6 22. Rxa6 Rxd5 23. Bxd5 Nb4 24. Bxb4 Bxb4 25. Rxa7 Rd8 26. Bxf7+ Kh7 27. g3 Rd1+ 28. Kg2 Rd2 29. Ra6 Rxb2 30. Bxg6+ Kg8 31. Ra8+ Bf8 32. h4 Rb6 33. h5 Rd6 34. g4 Rb6 35. Kg3 Rf6 36. g5 Rb6 37. f4 Rd6 38. Kg4 Rb6 39. Rc8 Rd6 40. Kf5 Rd5+ 41. Kg4 Rd6 42. Rb8 Rc6 43. Be4 Rd6 44. g6 Rf6 45. Bc2 Kh8 46. f5 Kg8 47. Kh3 Kh8 48. Kh4 Kg8 49. Bb3+ Kh8 50. Bf7 1-0

[Event "Seniors-LEM-65 Sachsen-Anhalt 2024"]
[Site "Magdeburg"]
[Date "2024.07.02"]
[Round "2.3"]
[White "Domsgen, Bernd"]
[Black "Okrajek, Alexander"]
[Result "0-1"]
[ECO "B12"]
[WhiteElo "1963"]
[BlackElo "2163"]
[Annotator "RC"]
[PlyCount "56"]
[EventDate "2024.06.25"]
[EventType "swiss"]
[EventCountry "GER"]
[SourceTitle "playchess.com"]
[Source "ChessBase"]
[SourceQuality "1"]
[TimeControl "40/5400+30:1800+30"]

1. e4 c6 2. d4 d5 3. e5 Bf5 4. Nf3 e6 5. Be2 Nd7 6. c3 h6 7. O-O Ne7 8. Na3 Bg6 9. b4 Nf5 10. Nc2 a5 11. Bd2 axb4 12. cxb4 b5 13. Qc1 Nb6 14. g4 Ne7 15. Nh4 Be4 16. f4 g6 17. Ne3 Nc4 18. Bf3 Bd3 19. Rf2 Nc8 20. Nxc4 Bxc4 21. Ng2 Be7 22. Qc2 Bh4 23. Nxh4 Qxh4 24. Rg2 Ra3 25. Be1 Qe7 26. Qf2 Qa7 27. f5 Rxf3 28. Qxf3 Qxd4+ 0-1

[Event "Seniors-LEM-65 Sachsen-Anhalt 2024"]
[Site "Magdeburg"]
[Date "2024.07.02"]
[Round "2.4"]
[White "Kahe, Ralph"]
[Black "Onasch, Gunnar"]
[Result "1-0"]
[ECO "D35"]
[WhiteElo "2129"]
[BlackElo "1949"]
[Annotator "NA RC"]
[PlyCount "71"]
[EventDate "2024.06.25"]
[EventType "swiss"]
[EventCountry "GER"]
[SourceTitle "playchess.com"]
[Source "ChessBase"]
[SourceQuality "1"]
[TimeControl "40/5400+30:1800+30"]

1. d4 d5 2. c4 e6 3. Nc3 Nf6 4. Bg5 Be7 5. e3 O-O 6. Rc1 h6 7. Bh4 b6 8. cxd5 exd5 9. Bd3 Bb7 10. Nge2 Nbd7 11. O-O Rc8 12. Nb5 a6 13. Na7 Ra8 14. Nc6 Bxc6 15. Rxc6 Ra7 16. f3 Nb8 17. Rc1 c5 18. Bb1 Nbd7 19. Bf2 Re8 20. Ng3 cxd4 21. exd4 Bd6 22. Re1 Nf8 23. Rxe8 Qxe8 24. Qd3 b5 25. Nf5 Bf4 26. Re1 Qd8 27. g3 Bb8 28. Rc1 Rc7 29. Rxc7 Qxc7 30. Be3 Ng6 31. Qa3 a5 32. Bd3 b4 33. Qa4 Nd7 34. Qb5 Nf6 35. Kf2 Nf8 36. Bf4 1-0

[Event "Seniors-LEM-65 Sachsen-Anhalt 2024"]
[Site "Magdeburg"]
[Date "2024.07.02"]
[Round "2.5"]
[White "Lehr, Thomas"]
[Black "Babrikowski, Peter"]
[Result "0-1"]
[ECO "B12"]
[WhiteElo "1954"]
[BlackElo "2129"]
[Annotator "NA RC"]
[PlyCount "46"]
[EventDate "2024.06.25"]
[EventType "swiss"]
[EventCountry "GER"]
[SourceTitle "playchess.com"]
[Source "ChessBase"]
[SourceQuality "1"]
[TimeControl "40/5400+30:1800+30"]

1. e4 c6 2. d4 d5 3. e5 g6 4. c4 Bg7 5. Nc3 dxc4 6. Bxc4 Nh6 7. Bxh6 Bxh6 8. h4 b5 9. Bb3 a5 10. e6 Bxe6 11. Bxe6 fxe6 12. Nf3 b4 13. Na4 Qd5 14. Qe2 Nd7 15. b3 O-O 16. Rd1 Rf4 17. Kf1 Re4 18. Qd3 $17 ({Better is} 18. Qc2) 18... Rd8 19. Rh3 Rg4 20. Nb2 Nf6 21. Nc4 Nh5 22. g3 Bg7 23. Ne3 Qxf3 0-1

[Event "Seniors-LEM-65 Sachsen-Anhalt 2024"]
[Site "Magdeburg"]
[Date "2024.07.02"]
[Round "2.6"]
[White "Broemel, Richard"]
[Black "Wolff, Stefan"]
[Result "1-0"]
[ECO "A80"]
[WhiteElo "2123"]
[BlackElo "1956"]
[Annotator "RC"]
[PlyCount "39"]
[EventDate "2024.06.25"]
[EventType "swiss"]
[EventCountry "GER"]
[SourceTitle "playchess.com"]
[Source "ChessBase"]
[SourceQuality "1"]
[TimeControl "40/5400+30:1800+30"]

1. d4 f5 2. Bf4 Nf6 3. e3 d6 4. h3 c6 5. Nd2 g6 6. Ngf3 Bg7 7. Bc4 e6 8. c3 Qe7 9. O-O h6 10. Nh4 Kf7 11. Bg3 Nbd7 12. Re1 d5 13. Bb3 Nh5 14. Qf3 Bf6 15. Nxf5 exf5 16. e4 Nxg3 17. exd5 Ne4 18. d6+ Ke8 19. Nxe4 Qg7 20. Nc5+ 1-0

[Event "Seniors-LEM-65 Sachsen-Anhalt 2024"]
[Site "Magdeburg"]
[Date "2024.07.02"]
[Round "2.7"]
[White "Schmidt, Gerhard"]
[Black "Bregler, Herbert"]
[Result "0-1"]
[ECO "D55"]
[WhiteElo "2112"]
[BlackElo "1952"]
[Annotator "NA RC"]
[PlyCount "78"]
[EventDate "2024.06.25"]
[EventType "swiss"]
[EventCountry "GER"]
[SourceTitle "playchess.com"]
[Source "ChessBase"]
[SourceQuality "1"]
[TimeControl "40/5400+30:1800+30"]

1. d4 Nf6 2. Nf3 e6 3. c4 d5 4. Nc3 Be7 5. Bg5 h6 6. Bxf6 Bxf6 7. e3 O-O 8. b4 a5 9. b5 c5 10. bxc6 Nxc6 11. cxd5 exd5 12. Qb3 a4 13. Qb2 Re8 $14 (13... Qa5 $15 14. Rc1 Bf5) 14. Be2 Qa5 15. O-O Bf5 16. Bb5 a3 17. Qb3 Be4 18. Nxd5 Bxd5 19. Qxd5 Nb4 20. Qb3 Qxb5 21. Rab1 Be7 22. Rfc1 Qd5 23. Rc4 Nc6 24. Qd3 b5 25. Rcc1 Nb4 26. Qe2 Nxa2 27. Rc7 b4 28. e4 Qd6 29. Rxe7 Qxe7 30. Qxa2 Qxe4 31. h3 Qe2 32. Qb3 a2 33. Ra1 Reb8 34. Ne5 Rb7 35. Qd5 Qb5 36. Qb3 Ra3 37. Qb2 Qd5 38. Qc2 b3 39. Qc8+ Kh7 0-1

[Event "Seniors-LEM-65 Sachsen-Anhalt 2024"]
[Site "Magdeburg"]
[Date "2024.07.02"]
[Round "2.8"]
[White "Heise, Juergen"]
[Black "Leibovitch, Iziaslav"]
[Result "1/2-1/2"]
[ECO "A01"]
[WhiteElo "1930"]
[BlackElo "2105"]
[Annotator "NA RC"]
[PlyCount "109"]
[EventDate "2024.06.25"]
[EventType "swiss"]
[EventCountry "GER"]
[SourceTitle "playchess.com"]
[Source "ChessBase"]
[SourceQuality "1"]
[TimeControl "40/5400+30:1800+30"]

1. b3 d6 2. Bb2 e5 3. e3 Nf6 4. Nf3 g6 5. d4 e4 6. Nfd2 Bg7 7. c4 O-O {[%emt 0:00:32] A01: Nimzowitsch-Larsen Opening.} 8. Nc3 Re8 9. Qc2 Bf5 10. h3 h5 11. Be2 c6 12. Nf1 Qe7 13. Nd2 a5 14. a3 Nbd7 15. O-O Nf8 16. b4 N8h7 17. Rfd1 d5 18. Qb3 Qd7 19. Bf1 Be6 $2 (19... Ng5 $17 20. cxd5 Nxh3+ (20... cxd5 21. h4 $11) (20... Nxd5 21. bxa5 Bxh3 22. Nxd5 $11) 21. gxh3 Bxh3 22. Bxh3 Qxh3 23. dxc6 bxc6) 20. Na4 Qd8 21. Nc5 Bc8 $14 22. Bc3 b6 23. Na4 Ng5 24. c5 b5 25. Nb6 a4 26. Qc2 Ra7 27. Nxc8 Qxc8 28. Be2 Bh6 29. Nf1 Kh7 30. Nh2 Qe6 31. h4 Nh3+ 32. gxh3 Qxh3 33. Be1 Qxh4 34. f4 Qh3 35. Bf2 Rg8 36. Bf1 Qe6 37. Bh4 Ng4 38. Qe2 g5 39. fxg5 Bxg5 40. Bxg5 Rxg5 41. Bg2 f5 42. Rf1 Rag7 43. Nxg4 Rxg4 44. Ra2 Qg6 45. Qf2 Rf7 46. Kh2 Qf6 47. Bh3 Rg5 48. Qf4 Qg7 49. Rg2 Rxg2+ 50. Bxg2 Qg4 51. Bh3 Qxf4+ 52. Rxf4 Kg6 53. Kg3 Kg5 54. Bf1 Rg7 55. Bh3 1/2-1/2

[Event "Seniors-LEM-65 Sachsen-Anhalt 2024"]
[Site "Magdeburg"]
[Date "2024.07.02"]
[Round "2.9"]
[White "Costello, Colin A"]
[Black "Krueger, Erich"]
[Result "1-0"]
[ECO "A26"]
[WhiteElo "1911"]
[BlackElo "2095"]
[Annotator "NA RC"]
[PlyCount "73"]
[EventDate "2024.06.25"]
[EventType "swiss"]
[EventCountry "GER"]
[SourceTitle "playchess.com"]
[Source "ChessBase"]
[SourceQuality "1"]
[TimeControl "40/5400+30:1800+30"]

1. c4 Nf6 2. Nc3 g6 3. Nf3 Bg7 4. g3 O-O 5. Bg2 d6 6. O-O e5 7. d3 Nc6 8. Rb1 a5 9. a3 Re8 10. Nd2 Be6 11. b4 {[%emt 0:00:46] A26: English Opening vs King's Indian with ...Nc6 and d3.} axb4 12. axb4 d5 13. b5 Ne7 14. Bb2 c6 15. Ra1 Qc7 16. Qb3 dxc4 17. dxc4 Nf5 18. Nce4 Nxe4 19. Bxe4 Nd4 20. Bxd4 exd4 21. b6 Qd7 22. Bg2 Rxa1 23. Rxa1 d3 24. Re1 dxe2 25. Rxe2 Ra8 $17 26. h4 Bg4 27. Nf3 Qf5 28. Re7 Ra1+ 29. Kh2 Rb1 30. Re8+ Bf8 31. Qe3 Qd7 32. Rb8 Kg7 33. Ne5 Qd1 34. Nxg4 Qxg4 35. Qe5+ f6 36. Rxb7+ Kh6 37. Qc7 1-0

[Event "Seniors-LEM-65 Sachsen-Anhalt 2024"]
[Site "Magdeburg"]
[Date "2024.07.02"]
[Round "2.10"]
[White "Schober, Ralf"]
[Black "Luebeck, Stephan"]
[Result "1-0"]
[ECO "A42"]
[WhiteElo "2090"]
[BlackElo "1942"]
[Annotator "NA RC"]
[PlyCount "91"]
[EventDate "2024.06.25"]
[EventType "swiss"]
[EventCountry "GER"]
[SourceTitle "playchess.com"]
[Source "ChessBase"]
[SourceQuality "1"]
[TimeControl "40/5400+30:1800+30"]

1. d4 g6 2. e4 Bg7 3. c4 d6 4. Nc3 Nc6 5. d5 Nd4 6. Be3 e5 7. Nge2 Nxe2 8. Bxe2 f5 9. exf5 gxf5 10. f4 {[%emt 0:03:09] A42: Modern Defence: Averbakh Variation.} e4 11. Qb3 b6 12. O-O-O Nf6 13. Nb5 Qe7 14. Nd4 Bd7 15. Rde1 h5 16. Qd1 a5 17. Qd2 Kf7 18. a3 Rae8 19. Kb1 Ng4 20. Bxg4 hxg4 21. g3 Ra8 22. Qg2 $15 Rh3 23. Qg1 Qf6 24. Re2 Rah8 25. Rg2 Ra8 26. Qf2 Qe7 27. Rd1 Rhh8 28. Qf1 Bf6 29. Rdd2 a4 30. Qd1 Rhb8 31. Nc6 Bxc6 32. dxc6 Ra5 33. Rd5 Rxd5 34. cxd5 b5 35. Rd2 Qe8 36. h3 Qg8 37. hxg4 fxg4 38. Bd4 Qg6 39. Bxf6 Kxf6 40. Re2 Re8 41. Qd4+ Kf7 42. Ka2 Qf5 43. Ka1 Qh5 44. Ka2 e3 45. Qd3 Qh1 46. Qf5+ 1-0

[Event "Seniors-LEM-65 Sachsen-Anhalt 2024"]
[Site "Magdeburg"]
[Date "2024.07.02"]
[Round "2.11"]
[White "Just, Joachim"]
[Black "Kolthoff, Siegmund"]
[Result "0-1"]
[ECO "D32"]
[WhiteElo "1909"]
[BlackElo "2090"]
[Annotator "NA RC"]
[PlyCount "51"]
[EventDate "2024.06.25"]
[EventType "swiss"]
[EventCountry "GER"]
[SourceTitle "playchess.com"]
[Source "ChessBase"]
[SourceQuality "1"]
[TimeControl "40/5400+30:1800+30"]

1. Nf3 Nf6 2. c4 c5 3. Nc3 e6 4. e3 d5 5. d4 a6 6. dxc5 Bxc5 7. cxd5 exd5 8. Nd4 O-O 9. Be2 Nc6 10. O-O Ba7 11. Bf3 Ne5 12. Nce2 Re8 13. Ng3 Nxf3+ 14. gxf3 Bh3 15. Re1 h5 16. Ngf5 Re5 17. Nh4 Nh7 18. f4 Qxh4 19. Kh1 Ree8 20. Qf3 Bxd4 21. Rg1 Bf5 22. Qg2 Bf6 23. Bd2 Qg4 24. Raf1 Qxg2+ 25. Rxg2 Bh3 26. Rxg7+ 0-1

[Event "Seniors-LEM-65 Sachsen-Anhalt 2024"]
[Site "Magdeburg"]
[Date "2024.07.02"]
[Round "2.12"]
[White "Waagener, Ulrich"]
[Black "Krien, Hartmut"]
[Result "1/2-1/2"]
[ECO "A95"]
[WhiteElo "2080"]
[BlackElo "1928"]
[Annotator "NA RC"]
[PlyCount "54"]
[EventDate "2024.06.25"]
[EventType "swiss"]
[EventCountry "GER"]
[SourceTitle "playchess.com"]
[Source "ChessBase"]
[SourceQuality "1"]
[TimeControl "40/5400+30:1800+30"]

1. d4 c6 2. Nf3 d5 3. c4 e6 4. Nc3 f5 5. g3 Nf6 6. Bg2 Be7 7. O-O O-O 8. Rb1 Ne4 {[%emt 0:02:25] A95: Classical Dutch: Classical Stonewall: 7 Nc3 c6.} 9. Ne5 Qb6 10. Bf4 g5 11. Nxe4 gxf4 12. Nc3 fxg3 13. hxg3 Nd7 14. c5 Qc7 15. Nd3 e5 16. dxe5 Nxc5 17. f4 Ne4 18. Kh2 Be6 19. Bh3 Kh8 20. Qc1 (20. Nf2 $15) 20... Rg8 21. Nxe4 dxe4 22. Nc5 Bxc5 23. Qxc5 Rad8 24. Rbd1 $11 Qg7 25. Qe3 Rd5 26. Rxd5 cxd5 27. Rg1 b6 1/2-1/2

[Event "Seniors-LEM-65 Sachsen-Anhalt 2024"]
[Site "Magdeburg"]
[Date "2024.07.02"]
[Round "2.13"]
[White "Matthey, Harald"]
[Black "Niebuhr, Gerd"]
[Result "1-0"]
[ECO "A50"]
[WhiteElo "2064"]
[BlackElo "1917"]
[Annotator "NA RC"]
[PlyCount "43"]
[EventDate "2024.06.25"]
[EventType "swiss"]
[EventCountry "GER"]
[SourceTitle "playchess.com"]
[Source "ChessBase"]
[SourceQuality "1"]
[TimeControl "40/5400+30:1800+30"]

1. Nf3 Nf6 2. d4 g6 3. c4 Bg7 4. g3 b6 5. Bg2 Bb7 6. O-O O-O 7. d5 d6 8. Nd4 Qd7 9. Nc3 c5 10. Nc2 a6 11. a4 a5 12. e4 e5 13. dxe6 fxe6 14. e5 Ne8 15. Bxb7 Qxb7 16. exd6 Nc6 17. Nb5 Ne5 18. f4 Nxc4 19. d7 Nc7 20. Qe2 Nxb2 21. Ra2 Qd5 22. Rxb2 1-0

[Event "Seniors-LEM-65 Sachsen-Anhalt 2024"]
[Site "Magdeburg"]
[Date "2024.07.02"]
[Round "2.14"]
[White "Krueger, Wolfgang"]
[Black "Schmieder, Siegfried"]
[Result "1/2-1/2"]
[ECO "B09"]
[WhiteElo "2054"]
[BlackElo "1906"]
[Annotator "NA RC"]
[PlyCount "29"]
[EventDate "2024.06.25"]
[EventType "swiss"]
[EventCountry "GER"]
[SourceTitle "playchess.com"]
[Source "ChessBase"]
[SourceQuality "1"]
[TimeControl "40/5400+30:1800+30"]

1. e4 d6 2. d4 Nf6 3. Nc3 g6 4. f4 Bg7 5. a3 O-O 6. Nf3 b6 7. Bd3 Bb7 8. O-O Nbd7 9. Qe1 e6 10. Qh4 c5 11. dxc5 Nxc5 12. Re1 Nxd3 (12... Rc8 $17 13. Qh3 b5) 13. cxd3 Qc8 14. Be3 Ba6 15. Red1 $11 (15. Rac1 $14) 1/2-1/2

[Event "Seniors-LEM-65 Sachsen-Anhalt 2024"]
[Site "Magdeburg"]
[Date "2024.07.02"]
[Round "2.15"]
[White "Winkler, Karl-Heinz"]
[Black "Jacob, Helmut"]
[Result "0-1"]
[ECO "B06"]
[WhiteElo "1933"]
[BlackElo "2047"]
[Annotator "NA RC"]
[PlyCount "102"]
[EventDate "2024.06.25"]
[EventType "swiss"]
[EventCountry "GER"]
[SourceTitle "playchess.com"]
[Source "ChessBase"]
[SourceQuality "1"]
[TimeControl "40/5400+30:1800+30"]

1. e4 g6 2. d4 d6 3. Nf3 Bg7 4. Bc4 h6 5. c3 e6 6. O-O Nd7 7. Qe2 Ne7 8. Be3 O-O 9. Nbd2 a6 10. a4 b6 11. b4 Bb7 12. Bd3 f5 13. exf5 exf5 14. Nb3 Kh7 15. Rfe1 Nd5 16. Bd2 N5f6 17. Be3 Re8 18. Qd1 $15 Nd5 19. Bd2 N5f6 20. Rxe8 Qxe8 21. Qc2 Qf7 22. Re1 Re8 23. Rxe8 Qxe8 24. Qd1 Ne4 25. Ne1 Nxd2 26. Qxd2 Nf6 27. f3 Qxa4 28. Bc2 Qc6 29. Bd3 Qe8 30. Bf1 h5 31. Nd3 Bh6 32. Qe2 Qe3+ 33. Qxe3 Bxe3+ 34. Kh1 Kg7 35. c4 Kf7 36. Nb2 Ke7 37. Nd1 Bh6 38. Kg1 Bg7 39. Kf2 Nd7 40. Ke3 Nb8 41. Nf2 Bh6+ 42. Kd3 Nc6 43. Kc3 Bg7 44. b5 Nb8 45. Kb4 axb5 46. cxb5 Nd7 47. Bc4 Nf6 48. Nd3 Nd5+ 49. Bxd5 Bxd5 50. Nf4 Bf7 51. d5 g5 0-1

[Event "Seniors-LEM-65 Sachsen-Anhalt 2024"]
[Site "Magdeburg"]
[Date "2024.07.02"]
[Round "2.16"]
[White "Kynast, Reinhard"]
[Black "Bauer, Burkhard"]
[Result "1/2-1/2"]
[ECO "A85"]
[WhiteElo "1901"]
[BlackElo "2043"]
[Annotator "NA RC"]
[PlyCount "61"]
[EventDate "2024.06.25"]
[EventType "swiss"]
[EventCountry "GER"]
[SourceTitle "playchess.com"]
[Source "ChessBase"]
[SourceQuality "1"]
[TimeControl "40/5400+30:1800+30"]

1. c4 f5 2. Nc3 Nf6 3. d4 g6 4. Bg5 Bg7 5. e3 d6 6. Nf3 O-O 7. Bd3 Na6 {[%emt 0:00:02] A85: Dutch Defence: 2 c4 Nf6 3 Nc3.} 8. O-O c5 9. d5 Nc7 10. Qc2 Rb8 $14 11. Rab1 Bd7 12. e4 fxe4 13. Nxe4 b5 14. b3 Na6 15. a3 Nc7 16. Rfe1 Nce8 17. Nc3 Nc7 18. Ne2 e5 19. dxe6 Bxe6 20. Ng3 Qd7 21. h4 Kh8 22. Nd2 Bg8 23. h5 gxh5 24. Nf5 Ne6 25. Be3 Ng4 26. Nxg7 Nxe3 27. Rxe3 Qxg7 28. Rg3 Qe5 29. Nf3 Qf6 30. Rd1 Nf4 31. cxb5 1/2-1/2

[Event "Seniors-LEM-65 Sachsen-Anhalt 2024"]
[Site "Magdeburg"]
[Date "2024.07.02"]
[Round "2.17"]
[White "Lapp, Karl"]
[Black "Funke, Arnold"]
[Result "1-0"]
[ECO "C10"]
[WhiteElo "2001"]
[BlackElo "1902"]
[Annotator "NA RC"]
[PlyCount "63"]
[EventDate "2024.06.25"]
[EventType "swiss"]
[EventCountry "GER"]
[SourceTitle "playchess.com"]
[Source "ChessBase"]
[SourceQuality "1"]
[TimeControl "40/5400+30:1800+30"]

1. e4 e6 2. d4 d5 3. Nd2 dxe4 4. Nxe4 Be7 5. Nf3 Nf6 6. Nxf6+ Bxf6 7. Bd3 O-O {[%emt 0:00:09] C10: French with 3 Nc3: Unusual Black 3rd moves and 3...dxe4.} 8. c3 b6 9. Qc2 h6 10. Be4 c6 11. g4 Be7 ({Better is} 11... Re8) 12. Be3 f5 13. gxf5 exf5 14. Bd3 f4 15. Ne5 g5 16. Bc4+ Kh8 17. Ng6+ Kg7 18. Nxf8 Qxf8 19. Bd2 Bg4 20. Be2 Bf5 21. Bd3 Bg4 22. Be4 Bh5 23. f3 Qf6 24. O-O-O Bf7 25. Rdg1 Qe6 26. h4 Qxa2 27. hxg5 Bxg5 $18 28. Bxf4 Kf6 29. Bxg5+ hxg5 30. Qh2 Qa1+ 31. Bb1 Bg6 32. Qd6+ 1-0

[Event "Seniors-LEM-65 Sachsen-Anhalt 2024"]
[Site "Magdeburg"]
[Date "2024.07.02"]
[Round "2.19"]
[White "Waltenberger, Udo"]
[Black "Schulz, Hans-Werner"]
[Result "1/2-1/2"]
[ECO "A30"]
[WhiteElo "1993"]
[BlackElo "1896"]
[Annotator "NA RC"]
[PlyCount "119"]
[EventDate "2024.06.25"]
[EventType "swiss"]
[EventCountry "GER"]
[SourceTitle "playchess.com"]
[Source "ChessBase"]
[SourceQuality "1"]
[TimeControl "40/5400+30:1800+30"]

1. Nf3 c5 2. g3 Nc6 3. c4 b6 4. Bg2 Bb7 5. O-O Nf6 6. Nc3 g6 7. e4 d6 8. d4 $14 cxd4 9. Nxd4 Nxd4 10. Qxd4 Bg7 11. Bd2 O-O 12. Qd3 Nd7 13. Rac1 Ne5 14. Qe2 Qd7 15. Rfd1 Rfc8 16. b3 Qe6 17. Be3 Rd8 18. h3 Qc8 19. Bd4 Nc6 20. Bxg7 Kxg7 21. Rd2 Re8 22. Rcd1 Nd8 23. Nd5 Ne6 24. Qe3 Nc7 25. e5 Nxd5 26. Bxd5 dxe5 27. Bxb7 Qxb7 28. Qxe5+ f6 29. Qe6 Rac8 30. Rd7 Rc7 31. Rxc7 Qxc7 32. Rd7 Qc5 33. Rxa7 Kf8 34. Rb7 Rd8 35. Qxb6 Rd1+ 36. Kg2 Qe5 37. Qe3 Qd6 38. Rb6 Qd8 39. Re6 Qd7 40. Qe2 Rd4 41. Re4 Rd6 42. Qf3 Kf7 43. Re2 e6 44. Qe3 Rd3 45. Qb6 e5 46. f3 Rd6 47. Qf2 Rd4 48. Rc2 f5 49. Re2 Kf6 50. Qe3 Qd6 51. Qh6 Rd1 52. h4 Qc5 53. Qg5+ Ke6 54. Qe3 Qd6 55. c5 Qd5 56. c6 Rd3 57. Qf2 Qxc6 58. Rc2 Qd6 59. Qc5 Rd2+ 60. Kh3 1/2-1/2

[Event "Seniors-LEM-65 Sachsen-Anhalt 2024"]
[Site "Magdeburg"]
[Date "2024.07.02"]
[Round "2.20"]
[White "Eberhardt, Michael"]
[Black "Christen, Pierre"]
[Result "0-1"]
[ECO "B12"]
[WhiteElo "1801"]
[BlackElo "1946"]
[Annotator "NA RC"]
[PlyCount "128"]
[EventDate "2024.06.25"]
[EventType "swiss"]
[EventCountry "GER"]
[SourceTitle "playchess.com"]
[Source "ChessBase"]
[SourceQuality "1"]
[TimeControl "40/5400+30:1800+30"]

1. e4 c6 2. d4 d5 3. Bd3 dxe4 4. Bxe4 Nf6 5. Bf3 Bf5 6. Nc3 e6 7. Nge2 Bd6 8. Bf4 O-O 9. Bxd6 Qxd6 10. O-O Nbd7 11. Ng3 Bg6 12. Re1 Rad8 13. Nge4 Nxe4 14. Bxe4 Nf6 15. Bxg6 hxg6 16. Ne2 b5 17. Qd3 a6 18. Rad1 Nd5 19. a3 Rd7 20. c4 Nf6 21. c5 Qc7 22. Qf3 Rfd8 23. b4 $14 Rd5 24. h3 Rf5 25. Qg3 Qxg3 26. Nxg3 Rfd5 27. Ne4 Rxd4 28. Nd6 Rxd1 29. Rxd1 Ne8 30. Kf1 Nxd6 31. cxd6 Rd7 32. Ke2 f6 33. Ke3 e5 34. f4 exf4+ 35. Kxf4 Kf7 36. g4 Ke6 37. Re1+ Kxd6 38. Re8 a5 39. Re3 axb4 40. axb4 Kc7 41. Rb3 Rd4+ 42. Ke3 Rc4 43. Kd3 g5 44. Ke3 Kd7 45. Ra3 Rxb4 46. Ra7+ Ke6 47. Rxg7 Rb3+ 48. Kd4 Rxh3 49. Rc7 Kd6 50. Rf7 Rf3 51. Rf8 c5+ 52. Ke4 Rf4+ 53. Ke3 c4 54. Rd8+ Kc5 55. Rc8+ Kb4 56. Kd2 Kb3 57. Kc1 c3 58. Kd1 Kb2 59. Rc5 b4 60. Ke1 c2 61. Kd2 c1=Q+ 62. Rxc1 Rf2+ 63. Ke3 Kxc1 64. Kxf2 b3 0-1

[Event "Seniors-LEM-65 Sachsen-Anhalt 2024"]
[Site "Magdeburg"]
[Date "2024.07.02"]
[Round "2.23"]
[White "Boettcher, Frank"]
[Black "Erler, Rainer"]
[Result "0-1"]
[ECO "D02"]
[WhiteElo "1848"]
[BlackElo "2121"]
[Annotator "NA RC"]
[PlyCount "73"]
[EventDate "2024.06.25"]
[EventType "swiss"]
[EventCountry "GER"]
[SourceTitle "playchess.com"]
[Source "ChessBase"]
[SourceQuality "1"]
[TimeControl "40/5400+30:1800+30"]

1. d4 d5 2. Nf3 c5 3. c3 e6 4. Qc2 Nc6 5. Bf4 Nf6 6. Nbd2 Qb6 7. e3 Nh5 {[%emt 0:02:46] D02: 1 d4 d5 2 Nf3 sidelines, including 2...Nf6 3 g3 and 2...Nf6 3 Bf4.} 8. Bg3 Nxg3 9. hxg3 h6 10. Be2 Bd7 11. g4 Rc8 12. dxc5 Bxc5 13. Nb3 Bd6 14. Qd3 a6 15. g5 Ne7 16. gxh6 gxh6 17. Ng5 Ng6 18. Nf3 Ke7 19. Nh4 Ne5 20. Qd4 Qxd4 21. Nxd4 b5 22. a3 Nc4 23. Bxc4 bxc4 24. Kd2 $17 Rb8 25. Kc1 Rb6 26. Ra2 Rg8 27. g3 Rgb8 28. Rh2 Kf6 29. Nhf3 Rxb2 30. Ra1 Ba4 31. Ne1 Bxg3 32. Rg2 Be5 33. f4 Bxd4 34. Rxb2 Bxe3+ 35. Kb1 Rxb2+ 36. Kxb2 Bxf4 37. Nc2 0-1

[Event "Seniors-LEM-65 Sachsen-Anhalt 2024"]
[Site "Magdeburg"]
[Date "2024.07.02"]
[Round "2.24"]
[White "Andersen, Knut"]
[Black "Neubauer, Uwe"]
[Result "1-0"]
[ECO "B09"]
[WhiteElo "2104"]
[BlackElo "1827"]
[Annotator "RC"]
[PlyCount "51"]
[EventDate "2024.06.25"]
[EventType "swiss"]
[EventCountry "GER"]
[SourceTitle "playchess.com"]
[Source "ChessBase"]
[SourceQuality "1"]
[TimeControl "40/5400+30:1800+30"]

1. e4 d6 2. d4 Nf6 3. Nc3 g6 4. f4 Bg7 5. Nf3 Bg4 6. Be2 O-O 7. Be3 e6 8. h3 Bxf3 9. Bxf3 c6 10. Qd2 Re8 11. O-O-O b5 12. e5 Nd5 13. Nxd5 cxd5 14. h4 Nc6 15. Kb1 dxe5 16. fxe5 Qa5 17. c3 b4 18. c4 Rac8 19. cxd5 exd5 20. Rc1 Qd8 21. Rc5 Ne7 22. Rhc1 Rxc5 23. Rxc5 a5 24. Bg5 Qb6 25. Bxe7 Rxe7 26. Rc8+ 1-0

[Event "Seniors-LEM-65 Sachsen-Anhalt 2024"]
[Site "Magdeburg"]
[Date "2024.07.02"]
[Round "2.25"]
[White "Zechel, Rolf-Ruediger"]
[Black "Ruether, Rudolf"]
[Result "0-1"]
[ECO "D03"]
[WhiteElo "1870"]
[BlackElo "2065"]
[Annotator "NA RC"]
[PlyCount "80"]
[EventDate "2024.06.25"]
[EventType "swiss"]
[EventCountry "GER"]
[SourceTitle "playchess.com"]
[Source "ChessBase"]
[SourceQuality "1"]
[TimeControl "40/5400+30:1800+30"]

1. d4 Nf6 2. Bg5 d5 3. e3 e6 4. Nd2 Be7 5. Bd3 h6 6. Bh4 b6 7. Ngf3 O-O 8. O-O c5 9. c3 Nc6 10. Qe2 Bb7 11. Rad1 Nd7 12. Bg3 Re8 13. e4 cxd4 14. cxd4 dxe4 15. Nxe4 Nb4 16. Bb1 Ba6 17. Qe3 Nd5 18. Qd2 Bxf1 19. Kxf1 N7f6 20. Ne5 Rc8 21. f4 Nxe4 22. Bxe4 Bh4 23. Bb1 Bxg3 24. hxg3 Rc7 25. Qd3 f5 26. a3 Qf6 27. Kf2 Rec8 28. Rd2 g6 29. Ba2 Kg7 30. Bxd5 exd5 31. Kf3 Rc1 32. g4 fxg4+ 33. Kxg4 Rf8 34. g3 Qf5+ 35. Kf3 Rf6 36. Re2 Qh3 37. Ng4 Qh1+ 38. Ke3 Re6+ 39. Ne5 Qg1+ 40. Kd2 Rd1+ 0-1